 Dungeon Crawl Stone Soup version 0.31-a0-851-g7ff8af7976 (webtiles) character file.

Game seed: 7708552468800476263

874 freelancePsychic the Changeling (level 7, 0/46 HPs)
             Began as a Demigod Artificer on Oct 6, 2023.
             Slain by a gnoll
             ... wielding a +2 halberd of freezing
             ... led by a gnoll bouda
              (2 damage)
             ... on level 5 of the Dungeon.
             The game lasted 00:08:15 (4974 turns).

freelancePsychic the Changeling (Demigod Artificer) Turns: 4974, Time: 00:08:16

Health: 0/46       AC:  7    Str: 21    XL:     7   Next: 45%
Magic:  9/9        EV: 16    Int: 13    God:
Gold:   55         SH:  0    Dex: 20    Spells: 6/6 levels left

rFire   . . .        p - melded +4 spear
rCold   . . .        (shield currently unavailable)
rNeg    . . .        b - +0 leather armour
rPois   .            f - +2 helmet
rElec   .            (no cloak)
rCorr   .            (no gloves)
SInv    .            n - +0 pair of boots
Will    .....        (no amulet)
Stlth   +            w - ring "Nigholiff" {*Slow EV+5 Dex+6}
HPRegen 0.27/turn    (no ring)
MPRegen 0.11/turn

%: slow self (1%)
@: flux-form, glowing
A: glow, contaminating, reduced hp, high MP 1, forlorn, divine attributes
a: Begin Untransformation


You were on level 5 of the Dungeon.
You were something dangerously unstable.
You visited 1 branch of the dungeon, and saw 5 of its levels.

You collected 299 gold pieces.
You spent 244 gold pieces at shops.

Inventory:

Hand Weapons
 a - a +0 club
 h - a +0 whip
 p - a +4 spear (melded)
Missiles
 g - 2 poisoned darts
 m - 2 throwing nets
Armour
 b - a +0 leather armour (worn)
 f - a +2 helmet (worn)
 n - a +0 pair of boots (worn)
Jewellery
 o - a +6 ring of intelligence
 t - a ring of fire
 w - the ring "Nigholiff" (left hand) {*Slow EV+5 Dex+6}
   (You found it on level 4 of the Dungeon)

   [ring of evasion]

   EV+5:      It affects your evasion (+5).
   Dex+6:     It affects your dexterity (+6).
   *Slow:     It may slow you when you take damage.
 y - a ring of protection from fire
 z - a +6 ring of intelligence
Talismans
 j - a flux talisman (active)
 C - a blade talisman
Wands
 d - a wand of charming (10)
 e - a wand of iceblast (3)
Scrolls
 c - a scroll of fog
 i - a scroll of enchant weapon
 l - 2 scrolls of amnesia {unknown}
 q - 3 scrolls of teleportation {@r4}
 u - a scroll of fear
 x - a scroll of vulnerability {unknown}
 B - a scroll of noise {unknown}
Potions
 k - 3 potions of curing {@q1}
 r - a potion of heal wounds {unknown}
 s - a potion of attraction {unknown}
 v - a potion of cancellation {unknown}
 A - a potion of brilliance {unknown}


   Skills:
 + Level 4.4 Fighting
 - Level 1.7 Armour
 - Level 0.8 Dodging
 - Level 0.8 Stealth
 + Level 3.1 Unarmed Combat
 - Level 3.2 Evocations
 * Level 4.7 Shapeshifting


You had 6 spell levels left.
You didn't know any spells.
Your spell library contained the following spells:

 Spells                   Type           Power      Damage    Failure   Level
 Kiss of Death            Conj/Necr      0%         2d5       34%         1
 Ensorcelled Hibernation  Hex/Ice        0%         N/A       47%         2
 Jinxbite                 Hex            0%         N/A       47%         2
 Confusing Touch          Hex            0%         N/A       71%         3
 Anguish                  Hex/Necr       0%         N/A       98%         4
 Dispel Undead            Necr           0%         3d6       98%         4
 Manifold Assault         Tloc           0%         N/A       98%         4
 Dispersal                Tloc           0%         N/A       100%        6
 Disjunction              Tloc           0%         N/A       100%        8


Dungeon Overview and Level Annotations

Branches:
Dungeon (5/15)
 Temple: D:4-7

Shops:
D:1 ?

Annotations:
D:4 exclusion: black bear


Innate Abilities, Weirdness & Mutations

You are something dangerously unstable.
You glow with magical radiation, making you easy to see and hit.
Foes you strike become dangerously contaminated with magical radiation.
Your maximum health is decreased, since you lack skill for your form.
You are incapable of wielding weapons or throwing items.
You have an increased reservoir of magic. (+10% MP)
You shall have no god before yourself.
Your divine heritage dramatically boosts your attributes as you level up.


Message History

The gnoll barely misses your gnoll.
Your gnoll barely misses the jackal.
The jackal bites your gnoll. What are your orders? t - Shout!
Orders for allies: a - Attack new target. p - Attack previous target. r - Retreat! s - Stop attacking. g - Guard the area. f - Follow me.
Anything else - Cancel.
Gang up on whom?
Press: ? - help, Dir - move target, f - jackal, p - gnoll
Aim: a jackal (ally target) Attack!
The jackal bites your gnoll but does no damage.
The gnoll hits your gnoll with a +2 halberd of freezing.
The gnoll freezes your gnoll.
Your gnoll hits the jackal with a +0 flail.
What are your orders? t - Shout!
Orders for allies: a - Attack new target. p - Attack previous target. r - Retreat! s - Stop attacking. g - Guard the area. f - Follow me.
Anything else - Cancel.
Gang up on whom?
Press: ? - help, Dir - move target, f - gnoll, p - jackal
Aim: a gnoll, wielding a +2 halberd of freezing (covering ground quickly) Attack!
The jackal barely misses your gnoll.
The gnoll hits your gnoll with a +2 halberd of freezing.
The gnoll freezes your gnoll.
Your gnoll dies!
Aiming: Iceblast
Press: ? - help, Shift-Dir - straight line, f/p - gnoll
Aim: a gnoll, wielding a +2 halberd of freezing (covering ground quickly)
The mass of ice explodes!
The iceblast engulfs the jackal!
You kill the jackal!
The iceblast engulfs the gnoll!
The gnoll is severely wounded.
The gnoll hits you from afar with a +2 halberd of freezing!
* * * LOW HITPOINT WARNING * * *
The gnoll freezes you.
You die...

.....>....##..#
####...####..########
#................#
#..#####..######.#
#....###..######.#
#......#..........
#.##....#.######.#
#.####..#.# #.# #p#
#....# #.# #.# ##.###
#.# #g# #.# ###.# ...
#.### #.... .....
#...####.#.# .......
###...##.#.#
.........+..........#
..........#######..###
...........# ##.....


You could see a gnoll (swift).

Vanquished Creatures
  An ogre (D:5)
  The ghost of Danienth the Sneak, an amateur SpEn (D:3)
  2 scorpions (D:5)
  An orc priest (D:5)
  A gnoll bouda (D:5)
  A jelly (D:4)
  A sleepcap (D:5)
  4 iguanas
  2 orc wizards (D:5)
  A hound zombie (D:3)
  9 gnolls
  6 adders
  4 worms
  2 dart slugs
  6 ball pythons
  5 bats
  12 endoplasms
  5 giant cockroaches
  5 goblins
  6 hobgoblins
  4 jackals
  7 quokkas
  5 frilled lizards
  6 kobolds
  A quokka zombie (D:3)
  4 rats
102 creatures vanquished.

Vanquished Creatures (collateral kills)
  An ogre (D:4)
  A gnoll (D:2)
2 creatures vanquished.

Vanquished Creatures (others)
  2 gnolls
2 creatures vanquished.

Grand Total: 106 creatures vanquished

Notes
Turn   | Place    | Note
-------+----------+-------------------------------------------
     0 | D:1      | freelancePsychic the Demigod Artificer began the quest for
                  | the Orb.
     0 | D:1      | Reached XP level 1. HP: 15/15 MP: 3/3
    25 | D:1      | Reached skill level 1 in Fighting
   104 | D:1      | Found Petwyuh's Magic Scroll Emporium.
   122 | D:1      | Reached XP level 2. HP: 13/23 MP: 4/4
   444 | D:1      | Bought a scroll of identify for 28 gold pieces
   962 | D:2      | Reached XP level 3. HP: 28/29 MP: 5/5
  1173 | D:1      | Bought a scroll of fear for 56 gold pieces
  1345 | D:2      | Reached skill level 1 in Shapeshifting
  1514 | D:2      | Reached XP level 4. HP: 37/37 MP: 6/6
  1975 | D:1      | Bought a scroll of identify for 28 gold pieces
  2767 | D:1      | Bought a scroll of teleportation for 42 gold pieces
  2874 | D:3      | Reached XP level 5. HP: 40/45 MP: 7/7
  2948 | D:3      | Reached skill level 1 in Unarmed Combat
  3122 | D:3      | Found a runed translucent gate.
  3122 | D:3      | Found a runed translucent gate.
  3122 | D:3      | Found a runed translucent gate.
  3122 | D:3      | Noticed Danienth's ghost (amateur SpEn)
  3198 | D:3      | Noticed a spectral centipede
  3198 | D:3      | Noticed a spectral black mamba
  3198 | D:3      | Noticed a spectral cane toad
  3251 | D:3      | Killed Danienth's ghost
  3375 | D:4      | Identified the ring "Nigholiff" {*Slow EV+5 Dex+6}
  3517 | D:4      | Noticed a black bear
  3634 | D:4      | Noticed an ogre
  3667 | D:4      | Killed an ogre
  3668 | D:4      | Reached XP level 6. HP: 31/52 MP: 8/8
  4332 | D:5      | Entered Level 5 of the Dungeon
  4359 | D:5      | Found Zin's Purification Station.
  4365 | D:5      | Bought a potion of curing for 90 gold pieces
  4752 | D:5      | Reached XP level 7. HP: 42/59 MP: 9/9
  4974 | D:5      | HP: 2/46 [gnoll/+2 halberd of freezing[a gnoll bouda] (13)]
  4974 | D:5      | Slain by a gnoll

Illustrated notes

Levels and vault maps discovered:
D:1:      ncdulo_wetmaze, layout_basic, serial_shops, shop, minmay_unequal
D:2:      layout_basic, basic_ecumenical_altar
D:3:      layout_loops_ring, nicolae_yredelemnul_ghost_church,
          pdpol_wu_jian_five_deadly_venoms, mainiacjoe_overflow_six_doors_small,
          old_standard_altar, nicolae_sif_muna_little_library
D:4:      layout_loops_ring, dk_xom_monty_hall, minmay_surrounded
D:5:      layout_basic, zin_purify, serial_corexii_hall, corexii_hall_statues_i,
          chequers_hall_statues_corner_a, serial_shops,
          nicolae_shop_just_a_little_nook, interstate_on_off

Skill      XL: |  1  2  3  4  5  6  7 |
---------------+----------------------+-----
Fighting       | 1 2 3 4 |  4.4
Evocations     | 3 |  3.2
Shapeshifting  | 1 2 3 4 |  4.7
Unarmed Combat | 2 3 |  3.1
Armour         | |  1.7
Dodging        | |  0.8
Stealth        | |  0.8

Action                     |  1- 3 |  4- 6 |  7- 9 || total
---------------------------+-------+-------+-------++-------
  Melee: Club              |    24 |       |       ||    24
         Whip              |   107 |    27 |       ||   134
         Punch             |     1 |     1 |       ||     2
         Spear             |       |   163 |       ||   163
         Unarmed           |       |    29 |    29 ||    58
  Evoke: Wand              |    10 |     9 |     3 ||    22
    Use: Scroll            |     1 |     3 |       ||     4
         Potion            |       |     1 |       ||     1
   Stab: Sleeping          |     2 |     5 |       ||     7
 Armour: Leather armour    |    70 |   116 |    12 ||   198
  Dodge: Dodged            |    76 |   117 |    16 ||   209
   Form: Flux              |       |     1 |       ||     1

Table legend: (Time is in decaauts)
 A = Elapsed time spent in this place.
 B = Non-inter-level travel time spent in this place.
 C = Inter-level travel time spent in this place.
 D = Time resting spent in this place.
 E = Time spent auto-exploring this place.
 F = Levels seen in this place.
 G = Mean time per level.
                   A        B        C        D        E       F      G
               +--------+--------+--------+--------+--------+-----+--------+
         Total |   5017 |   4613 |    404 |    108 |   3525 |   5 | 1003.4 |
       Dungeon |   5017 |   4613 |    404 |    108 |   3525 |   5 | 1003.4 |
               +--------+--------+--------+--------+--------+-----+--------+

Top non-repeatable levels by time:
     D:2: 1173 daAuts
     D:1: 1126 daAuts
     D:3: 1073 daAuts
     D:4: 1004 daAuts
     D:5: 639 daAuts
